 Dungeon Crawl Stone Soup version 0.24.0-37-gcf1ca852f1 (webtiles) character file.

Game seed: 6821717926027198060, levelgen mode: deterministic

5513 FessEmpty the Nimble (level 10, -1/66 HPs)
             Began as a Tengu Artificer on Dec 7, 2019.
             Was a High Priest of Zin.
             Slain by a centaur warrior skeleton (3 damage)
             ... on level 11 of the Dungeon.
             The game lasted 00:45:22 (12346 turns).

FessEmpty the Nimble (Tengu Artificer)             Turns: 12346, Time: 00:45:22

Health: -1/66      AC:  4    Str: 15    XL:     10   Next: 70%
Magic:  13/13      EV: 22    Int: 11    God:    Zin [*****.]
Gold:   601        SH:  0    Dex: 16    Spells: 9/9 levels left

rFire    . . .     SeeInvis .   a - +1 spear (venom)
rCold    . . .     Gourm    .   (no shield)
rNeg     . . .     Faith    .   d - +0 leather armour
rPois    +         Spirit   .   (helmet restricted)
rElec    .         Reflect  .   c - scarf {repulsion}
rCorr    .         Harm     .   t - +0 pair of gloves
MR       .....                  (boots unavailable)
Stlth    ++........             (no amulet)
HPRegen  0.21/turn              h - +3 ring of evasion
MPRegen  0.13/turn              i - ring of poison resistance

@: repel missiles
A: beak, talons 3, able to fly
a: Fly, Recite, Vitalisation, Imprison, Sanctuary, Donate Gold, Renounce
Religion


You were on level 11 of the Dungeon.
You worshipped Zin.
Zin was extremely pleased with you.
You were not hungry.

You visited 1 branch of the dungeon, and saw 11 of its levels.

You collected 667 gold pieces.
You donated 66 gold pieces to Zin.

Inventory:

Hand Weapons
 a - a +1 spear of venom (weapon)
 b - a +2 flail of crushing
Missiles
 j - 30 poisoned darts (quivered)
 v - 8 atropa-tipped darts
Armour
 c - a scarf of repulsion (worn)
 d - a +0 leather armour (worn)
 t - a +0 pair of gloves (worn)
Jewellery
 e - an uncursed ring of wizardry
 h - a +3 ring of evasion (left hand)
 i - a ring of poison resistance (right hand)
Scrolls
 g - a scroll of magic mapping
 k - 2 scrolls of remove curse
 l - 2 scrolls of enchant armour
 s - 3 scrolls of fog
 w - a scroll of amnesia
Comestibles
 f - 5 rations
 n - 2 chunks of flesh


   Skills:
 - Level 9.0 Fighting
   Level 1.1 Short Blades
 + Level 9.4 Polearms
 - Level 10.5 Dodging
 - Level 1.0 Stealth
   Level 3.0 Evocations


You had 9 spell levels left.
You didn't know any spells.
Your spell library contained the following spells:

 Spells                   Type           Power        Failure   Level  Hunger
 Beastly Appendage        Tmut           #.....       41%         1    ##.....
 Confusing Touch          Hex            #.....       41%         1    ##.....
 Sticks to Snakes         Tmut           #.......     54%         2    ###....
 Confuse                  Hex            #.......     78%         3    ####...
 Gell's Gravitas          Tloc           #.........   78%         3    ####...
 Spider Form              Tmut/Pois      #.........   78%         3    ####...
 Ice Form                 Ice/Tmut       #.......     99%         4    #####..
 Petrify                  Tmut/Erth      #.......     99%         4    #####..
 Blade Hands              Tmut           #.........   100%        5    ######.
 Metabolic Englaciation   Hex/Ice        #.........   100%        5    ######.
 Yara's Violent Unravell  Hex/Tmut       #.........   100%        5    ######.


Dungeon Overview and Level Annotations

Branches:
Dungeon (11/15)            Temple (0/1) D:6            Lair (0/6) D:9
    Orc (0/2) D:10

Altars:
Ashenzari
Cheibriados
Fedhas
Hepliaklqana
Qazlal
Ru
Sif Muna
Uskayaw
Zin

Shops:
D:3 *   D:5 *

Annotations:
D:4 Dowan, Duvessa
D:8 Harold, Joseph, Maurice


Innate Abilities, Weirdness & Mutations

You have a beak for a mouth.
You have claws for feet.
You can fly continuously.


Message History

Press: ? - help, Dir - move target cursor, f - orc
Aim: an orc, wielding a +0 short sword You reach to attack!
You hit the orc.
The orc is poisoned.
The orc is heavily wounded.
You hit the orc.
You kill the orc!
Attack whom?
Press: ? - help, Dir - move target cursor, f - orc
Aim: an orc, wielding a +0 club You reach to attack!
You hit the orc.
The orc is poisoned.
The orc is lightly wounded.
The orc wizard gestures wildly while chanting.
The orc wizard blinks!
You closely miss the orc. Your peck misses the orc.
The orc is lightly wounded.
You hit the orc.
You kill the orc!
The orc warrior hits you from afar with a +0 halberd!!
Attack whom?
Press: ? - help, Dir - move target cursor, f - orc warrior
Aim: an orc warrior, wielding a +0 halberd and wearing a +0 chain mail You reach to attack!
You completely miss the orc warrior.
Some of the chunks of flesh in your inventory have rotted away.
Attack whom?
Press: ? - help, Dir - move target cursor, f/p - orc warrior
Aim: an orc warrior, wielding a +0 halberd and wearing a +0 chain mail You reach to attack!
You hit the orc warrior but do no damage.
The orc warrior is poisoned.
The orc warrior barely misses you.
The orc wizard mumbles some strange words.
The orc wizard blinks!
Attack whom?
Press: ? - help, Dir - move target cursor, f/p - orc warrior
Aim: an orc warrior, wielding a +0 halberd and wearing a +0 chain mail (lightly wounded, poisoned)
You reach to attack!
You hit the orc warrior but do no damage.
The orc warrior looks as sick as possible!
The orc warrior is lightly wounded.
Attack whom?
Press: ? - help, Dir - move target cursor, f/p - orc warrior
Aim: an orc warrior, wielding a +0 halberd and wearing a +0 chain mail (lightly wounded, poisoned)
You reach to attack!
You hit the orc warrior.
The orc warrior looks as sick as possible!
The orc warrior is lightly wounded.
The orc warrior hits you from afar with a +0 halberd!!
Things that are here:
a +0 club; a kobold corpse You kill the orc warrior!
You see here a quarterstaff.
There is a stone staircase leading up here.
The orc wizard casts a spell.
The orc wizard seems to speed up.
You climb upwards.
There is a stone staircase leading down here.
You start resting.
Eating a chunk of flesh.
You eat the chunk of flesh.
This raw flesh tastes terrible.
HP restored.
You climb downwards.
There is a stone staircase leading up here.
Attack whom?
Press: ? - help, Dir - move target cursor, f - orc wizard
Aim: an orc wizard, wielding a +0 dagger and wearing a +0 robe You reach to attack!
You hit the orc wizard but do no damage.
The orc wizard is poisoned.
You hit the orc wizard.
The orc wizard looks as sick as possible!
The orc wizard is lightly wounded.
The orc wizard hits you but does no damage.
You hit the orc wizard but do no damage.
The orc wizard looks as sick as possible!
The orc wizard is lightly wounded.
You closely miss the orc wizard. Your kick misses the orc wizard.
You peck the orc wizard.
The orc wizard is heavily wounded.
The orc wizard closely misses you.
You closely miss the orc wizard. Your kick misses the orc wizard.
The orc wizard is heavily wounded.
You closely miss the orc wizard. Your peck misses the orc wizard.
The orc wizard is heavily wounded.
The orc wizard misses you.
You hit the orc wizard but do no damage.
The orc wizard looks as sick as possible!
The orc wizard is heavily wounded.
The orc wizard misses you.
You closely miss the orc wizard. You claw the orc wizard.
You kill the orc wizard!
You see here a kobold skeleton.
Things that are here:
a +0 club; a +0 short sword; an orc skeleton
Things that are here:
a +0 club; a +0 short sword; an orc skeleton You see here a kobold skeleton.
Quiver which item? (- for none, * to show all) (? for menu, Esc to quit)
That's the wrong kind of item! (Use * to select it.) Quiver which item? (- for none, * to show all) (? for menu, Esc to quit)
Okay, then.
Quiver which item? (- for none, * to show all) (? for menu, Esc to quit)
Quivering
j - 31 poisoned darts for throwing.
Throwing (i - inventory. (/) - cycle)
j - 31 poisoned darts (quivered)
Press: ? - help, Shift-Dir - straight line, f - white ugly thing
Aim: a white ugly thing (resting)
You throw a poisoned dart.
The poisoned dart hits the white ugly thing.
The white ugly thing is poisoned.
The white ugly thing gurgles horribly!
The white ugly thing looks more healthy.
You see here a big kobold skeleton.
The white ugly thing falls through a shaft!
The shaft crumbles and collapses.
Things that are here:
a +0 club; a +0 short sword; an orc skeleton
Things that are here:
a +0 dagger; a kobold skeleton You see here a kobold skeleton.
Things that are here:
a +0 chain mail; a +0 halberd; an orc skeleton
Okay, then.
Things that are here:
a +0 dagger; a +0 robe
Found a ration.
i - a twisted agate ring
There are no items here.
You're wearing all the rings you can.
Remove which one? (? for menu, Esc to cancel) < or
h - a +3 ring of evasion; > or
e - a ring of wizardry You remove your ring of wizardry.
i - a ring of poison resistance (right hand)
f - 5 rations (gained 1)
j - 31 poisoned darts (gained 1)
A bullfrog comes into view.
No target in view!
No target in view!
The bullfrog gives a loud, deep croak!
The bullfrog barely misses you.
You puncture the bullfrog!
The bullfrog is poisoned.
The bullfrog is moderately wounded.
You puncture the bullfrog!
The bullfrog looks as sick as possible!
The bullfrog is severely wounded.
The bullfrog completely misses you.
You hit the bullfrog. You claw the bullfrog.
You kill the bullfrog!
You butcher the bullfrog corpse.
n - 2 chunks of flesh You see here a bullfrog skeleton. x2
A bullfrog comes into view.
An orc and an orc wizard come into view.
The orc shouts!
The orc wizard shouts!
You hear a shout! x2
The orc wizard mumbles some strange words.
The orc wizard flickers and vanishes!
Deactivating autopickup; reactivate with Ctrl-A.
An orc wizard comes into view. It is wielding a +0 dagger.
The orc moves out of view.
The bullfrog gives a loud, deep croak!
A quokka comes into view.
An orc comes into view. It is wielding a +0 mace.
An orc comes into view. It is wielding a +2 flail of crushing.
Really read the scroll of immolation?
As you read the scroll of immolation, it crumbles to dust.
The creatures around you are filled with an inner flame!
Throwing (i - inventory. (/) - cycle)
j - 31 poisoned darts (quivered)
Press: ? - help, Shift-Dir - straight line, f - bullfrog
Aim: a bullfrog (inner flame)
You throw a poisoned dart. The poisoned dart hits the bullfrog.
The bullfrog closely misses you.
You puncture the bullfrog!
The bullfrog is poisoned.
The bullfrog is moderately wounded.
The bullfrog closely misses you.
You hit the bullfrog.
The bullfrog looks as sick as possible!
Your kick misses the bullfrog. You peck the bullfrog.
The bullfrog is heavily wounded.
The bullfrog completely misses you.
The orc wizard gestures wildly while chanting.
The orc wizard flickers and vanishes!
You closely miss the bullfrog. Your kick misses the bullfrog.
You peck the bullfrog, but do no damage.
The bullfrog is severely wounded.
The bullfrog closely misses you.
You puncture the bullfrog!
The bullfrog explodes!
The fiery explosion engulfs you!!!
Ouch! That really hurt!
You are engulfed in blazing flames.
* * * LOW HITPOINT WARNING * * *
A centaur warrior skeleton comes into view.
Something misses you. Something hits you!
* * * LOW HITPOINT WARNING * * *
Something hits you!
* * * LOW HITPOINT WARNING * * *
Something closely misses you. Something completely misses you.
Something hits you. Zin protects you from harm!
Okay, then.
You fail to use your ability.
Something hits you.
* * * LOW HITPOINT WARNING * * *
The centaur warrior skeleton hits you.
You die...

..................#######..#####
.#######.........................
. #........^................ .
#...........#######.###### .
#...........# #.# .
##...........#######)######
#..................÷......)
#...######Z................ #...#
#@........÷....... #...#
#...........###### #...#
#...).....).# #...# #...........#
#...######<.)..[.....#
#######..........................
.........................########
#######...#####...#####..# #...#
#...# #..#


You could see a centaur warrior skeleton.

Vanquished Creatures
  Pikel (D:8)
  Grinder (D:4)
  A hippogriff (D:11)
  A yak (D:9)
  A hungry ghost (D:9)
  2 porcupines (D:9)
  2 black bears
  A hornet zombie (D:9)
  4 orc warriors
  2 ice beasts
  A slave (D:8)
  3 phantoms
  2 sky beasts
  5 ogres
  2 crocodiles (D:9)
  2 big kobolds
  8 bullfrogs
  A wyvern skeleton (D:10)
  A scorpion (D:7)
  4 wights (D:11)
  4 killer bees (D:10)
  A howler monkey (D:3)
  4 crimson imps
  A jelly (D:7)
  6 hounds
  4 orc priests
  2 bullfrog skeletons
  2 iguanas
  3 centaur skeletons
  Natasha (thrice) (D:2)
  5 orc wizards
  6 worker ants
  A killer bee zombie (D:9)
  2 howler monkey skeletons
  8 adders
  A shadow imp (D:6)
  An ooze (D:1)
  An adder zombie (D:5)
  3 worms
  A dart slug (D:2)
  3 leopard geckos
  28 orcs
  A bat skeleton (D:2)
  3 giant cockroaches
  7 goblins
  5 hobgoblins
  4 jackals (D:2)
  17 kobolds
  A quokka (D:8)
  2 ball pythons (D:2)
  2 bats (D:1)
  4 frilled lizards
  A jackal skeleton (D:2)
  A quokka skeleton (D:2)
  6 rats
189 creatures vanquished.

Vanquished Creatures (collateral kills)
  An orc priest (D:7)
  A hound (D:6)
  4 orcs
6 creatures vanquished.

Vanquished Creatures (others)
  2 slaves (D:8)
  An ogre (D:6)
  A bullfrog skeleton (D:8)
  An orc wizard (D:8)
  A shadow imp (D:8)
  An orc (D:8)
  7 fungi (D:9)
  A plant (D:9)
15 creatures vanquished.

Grand Total: 210 creatures vanquished

Notes
Turn   | Place    | Note
-------+----------+-------------------------------------------
     0 | D:1      | FessEmpty the Tengu Artificer began the quest for the Orb.
     0 | D:1      | Reached XP level 1. HP: 12/12 MP: 4/4
   103 | D:1      | Reached XP level 2. HP: 17/17 MP: 5/5
   173 | D:1      | You fall into a shaft and drop 1 floor!
   198 | D:2      | Noticed Natasha
   200 | D:2      | Noticed a crimson imp
   201 | D:2      | Killed Natasha
   201 | D:2      | Reached XP level 3. HP: 15/23 MP: 6/6
   345 | D:2      | Noticed Natasha
   347 | D:2      | Killed Natasha
   347 | D:2      | Reached XP level 4. HP: 29/29 MP: 7/7
   934 | D:2      | Noticed Natasha
   937 | D:2      | Killed Natasha
   937 | D:2      | Gained mutation: You can fly continuously. [Tengu growth]
   937 | D:2      | Reached XP level 5. HP: 34/34 MP: 8/8
   980 | D:2      | Reached skill level 5 in Fighting
  1536 | D:3      | Found Zin's Purification Station.
  1536 | D:3      | Found a glowing silver altar of Zin.
  2104 | D:3      | Reached XP level 6. HP: 41/41 MP: 9/9
  2544 | D:3      | Became a worshipper of Zin the Law-Giver
  2544 | D:3      | Reached * piety under Zin
  3009 | D:4      | Reached ** piety under Zin
  3031 | D:4      | Noticed Dowan
  3292 | D:4      | Found a stormy altar of Qazlal.
  3293 | D:4      | Found a shimmering blue altar of Sif Muna.
  3293 | D:4      | Found a hazy altar of Hepliaklqana.
  3293 | D:4      | Found a snail-covered altar of Cheibriados.
  3300 | D:4      | Found a hide-covered altar of Uskayaw.
  3305 | D:4      | Found a blossoming altar of Fedhas.
  3347 | D:4      | Noticed Grinder
  3358 | D:4      | Paralysed by Grinder for 4 turns
  3370 | D:4      | Killed Grinder
  3370 | D:4      | Reached XP level 7. HP: 18/48 MP: 10/10
  3605 | D:4      | Reached *** piety under Zin
  3714 | D:4      | Noticed Duvessa
  3828 | D:5      | Entered Level 5 of the Dungeon
  4158 | D:5      | Found Nadun's Magic Scroll Emporium.
  4445 | D:5      | Reached XP level 8. HP: 20/56 MP: 9/11
  4888 | D:5      | Found Dicsoa's Assorted Antiques.
  5566 | D:6      | Reached skill level 3 in Dodging
  5568 | D:6      | Reached **** piety under Zin
  5583 | D:6      | Reached skill level 4 in Dodging
  5587 | D:6      | Found a staircase to the Ecumenical Temple.
  5865 | D:6      | Reached skill level 5 in Dodging
  6342 | D:7      | Reached skill level 6 in Dodging
  6426 | D:7      | Reached ***** piety under Zin
  6698 | D:7      | Reached skill level 7 in Dodging
  6730 | D:7      | Reached XP level 9. HP: 34/60 MP: 12/12
  6918 | D:7      | Reached skill level 8 in Dodging
  7405 | D:8      | Found a shattered altar of Ashenzari.
  7568 | D:8      | Noticed Maurice
  7676 | D:8      | Noticed Pikel
  7691 | D:8      | Killed Pikel
  7691 | D:8      | Reached skill level 9 in Dodging
  7865 | D:8      | Reached skill level 10 in Dodging
  7986 | D:8      | Noticed Harold
  8041 | D:8      | Noticed Joseph
  8936 | D:9      | Reached skill level 1 in Polearms
  9294 | D:9      | Found a staircase to the Lair.
  9312 | D:9      | Reached XP level 10. HP: 51/66 MP: 13/13
  9329 | D:9      | Reached skill level 5 in Polearms
  9717 | D:10     | Entered Level 10 of the Dungeon
  9717 | D:10     | Found a staircase to the Orcish Mines.
 10248 | D:10     | Noticed a two-headed ogre
 10976 | D:10     | Found a sacrificial altar of Ru.
 11054 | D:11     | Noticed a cyclops
 11106 | D:11     | Got a transparent war axe
 11110 | D:11     | Identified the +6 war axe of the Foremost Moons {drain,
                  | rPois} (You found it on level 11 of the Dungeon)
 11266 | D:11     | Noticed a white ugly thing
 12343 | D:11     | HP: 3/66 [something (11)]
 12345 | D:11     | Zin protects you from harm!
 12346 | D:11     | Slain by a centaur warrior skeleton

Levels and vault maps discovered:
D:1:      lightli_arrival_statuegarden, layout_loops_ring
D:2:      layout_loops_ring, serial_undead, serial_undead_c, serial_undead_d,
          serial_undead_f, serial_undead_f, kennysheep_generic_room_8,
          uniq_natasha
D:3:      layout_loops_cross, zin_purify, first_ration
D:4:      minmay_opposing_rooms, layout_basic, minmay_overflow_temple_hex,
          uniq_grinder, uniq_duvessa
D:5:      layout_gridville, serial_shops, nicolae_shop_trees,
          nicolae_shop_crystal
D:6:      layout_basic, minmay_temple_entry_from_below_a
D:7:      layout_loops_ring, st_stairs_12
D:8:      layout_basic, cheibrodos_ashenzari_chains, the_bakery, uniq_joseph,
          uniq_pikel, uniq_maurice, uniq_harold
D:9:      wad_pebble_path, layout_cave_pools, due_lair_maze_entry_diamond
D:10:     layout_roguey, orc_0_dummy, hangedman_ru_absence
D:11:     layout_small_grid

Skill      XL: |  1  2  3  4  5  6  7  8  9 10 |
---------------+-------------------------------+-----
Fighting       | 2 3 4 5 7 8 9 |  9.0
Dodging        | 7 10 | 10.5
Polearms       | 4 9 |  9.4
Short Blades   | |  1.1
Stealth        | |  1.0
Evocations     | |  3.0

Action                   |  1- 3 |  4- 6 |  7- 9 | 10-12 || total
-------------------------+-------+-------+-------+-------++-------
Melee: Short sword       |    32 |    27 |       |       ||    59
       Peck              |     3 |    32 |    61 |    42 ||   138
       Kick              |     5 |    41 |   109 |    69 ||   224
       Falchion          |       |   127 |     3 |       ||   130
       Rapier            |       |       |   153 |       ||   153
       Spear             |       |       |   136 |   239 ||   375
       Flail             |       |       |    34 |    20 ||    54
Throw: Boomerang         |       |       |    30 |       ||    30
       Dart              |       |       |    30 |    26 ||    56
Invok: Recite            |       |     1 |     2 |     1 ||     4
       Vitalisation      |       |       |     3 |     1 ||     4
       Imprison          |       |       |       |     1 ||     1
Evoke: Wand              |     3 |    18 |     8 |       ||    29
  Use: Scroll            |       |     5 |    15 |     7 ||    27
       Potion            |       |     3 |     7 |     2 ||    12
 Stab: Sleeping          |     1 |       |       |       ||     1
       Confused          |       |     2 |       |       ||     2
  Eat: Chunk             |       |     7 |     3 |     3 ||    13
       Ration            |       |       |     8 |     2 ||    10
Armor: Ring mail         |     9 |    19 |       |       ||    28
       Scale mail        |       |    62 |    55 |       ||   117
       Chain mail        |       |       |    96 |    17 ||   113
       Leather armour    |       |       |       |     8 ||     8
Dodge: Dodged            |    21 |    92 |   186 |   153 ||   452
       Deflected         |       |       |     6 |       ||     6
       Rpst.: Falchion   |       |    25 |     2 |       ||    27
